 Dungeon Crawl Stone Soup version 0.31-a0-1620-gcbf77bbcfc (webtiles) character file.

Game seed: 7412209941810678839

1671515 Ge0ff the Quintessent (level 27, 224/224 HPs)
             Began as a Merfolk Shapeshifter on Jan 11, 2024.
             Was an Initiate of Gozag.
             Escaped with the Orb
             ... and 3 runes!
             The game lasted 02:28:13 (70541 turns).

Ge0ff the Quintessent (Merfolk Shapeshifter)       Turns: 70541, Time: 02:28:13

Health: 224/224    AC: 17    Str: 25    XL:     27
Magic:  37/37      EV: 46    Int: 12    God:    Gozag
Gold:   10886      SH:  0    Dex: 16    Spells: 30/46 levels left

rFire   + +          .
                       - Unarmed
rCold   + . .        Y - melded +0 kite shield
rNeg    + . .        x - melded +0 leather armour "Edysejuh" {rC+ Regen+ Str+4 Dex+2}
rPois   ∞            D - melded +0 helmet of Vermicelli {rPois rC- rN++ Regen+}
rElec   +            t - melded +2 cloak {Will+}
rCorr   .            Q - melded +2 pair of gloves "Powyug" {Regen+ Str+8 Dex-4}
SInv    .            f - melded +0 pair of boots "Fopyn" {rN+ Str+7 Int-4 SInv}
Will    ++...        a - amulet of Vitality {RegenMP++ Regen++}
Stlth   +            g - ring of Tinnarchisk {rC+ rN+ Slay+2}
HPRegen 2.17/turn    w - ring of Tivomn {rF++ AC+4, =R}
MPRegen 1.05/turn

%: no passive effects
@: storm-form, flying, studying 2 skills
A: cleaving, insubstantial, flying, (nimble swimmer 2), (mertail), strong 1,
MP-powered wands, (sturdy frame 1)
0: Orb of Zot
}: 3/15 runes: decaying, silver, gossamer
a: Blinkbolt, Begin Untransformation, Renounce Religion, Potion Petition, Call
Merchant, Bribe Branch


You escaped.
You worshipped Gozag.
Gozag was extremely pleased with you.
You were a lightning-filled tempest!
You visited 11 branches of the dungeon, and saw 51 of its levels.
You also visited: Sewer, Gauntlet, Ice Cave and Wizlab.

You collected 31060 gold pieces.
You spent 5407 gold pieces at shops.
You paid 14767 gold pieces to Gozag.

Inventory:

Missiles
 v - 5 curare-tipped darts {=F}
Armour
 f - the +0 pair of boots "Fopyn" (melded) {rN+ Str+7 Int-4 SInv}
   (You found it on level 3 of the Elven Halls)

   Str+7:     It affects your strength (+7).
   Int-4:     It affects your intelligence (-4).
   rN+:       It protects you from negative energy.
   SInv:      It lets you see invisible.
 t - a +2 cloak of willpower (melded)
 x - the +0 leather armour "Edysejuh" (melded) {rC+ Regen+ Str+4 Dex+2}
   (You found it on level 5 of the Lair of Beasts)

   Str+4:     It affects your strength (+4).
   Dex+2:     It affects your dexterity (+2).
   rC+:       It protects you from cold.
   Regen+:    It increases your rate of health regeneration.
 D - the +0 helmet of Vermicelli (melded) {rPois rC- rN++ Regen+}
   (You found it on level 3 of the Depths)

   rC-:       It makes you vulnerable to cold.
   rPois:     It protects you from poison rN++: It greatly protects you from
   negative energy.
   Regen+:    It increases your rate of health regeneration.
 Q - the +2 pair of gloves "Powyug" (melded) {Regen+ Str+8 Dex-4}
   (You found it in a Gauntlet)

   Str+8:     It affects your strength (+8).
   Dex-4:     It affects your dexterity (-4).
   Regen+:    It increases your rate of health regeneration.
 Y - a +0 kite shield (melded)
Jewellery
 a - the amulet of Vitality (around neck) {RegenMP++ Regen++}
   (You bought it in a shop on level 3 of the Elven Halls)

   [amulet of magic regeneration]

   RegenMP:   It increases your rate of magic regeneration.
   Regen++:   It increases your rate of health regeneration.
 g - the ring of Tinnarchisk (left fist) {rC+ rN+ Slay+2}
   (You found it on level 3 of the Crypt)

   [ring of positive energy]

   Slay+2:    It affects your accuracy & damage with ranged weapons and melee
   (+2).
   rC+:       It protects you from cold.
   rN+:       It protects you from negative energy.
 h - a ring of willpower
 i - the ring of Sunlight {rN+ Dex+5 Slay+2}
   (You found it on level 3 of the Crypt)

   [ring of positive energy]

   Dex+5:     It affects your dexterity (+5).
   Slay+2:    It affects your accuracy & damage with ranged weapons and melee
   (+2).
   rN+:       It protects you from negative energy.
 p - the ring "Sielosiu" {rElec rN+}
   (You found it on level 3 of the Crypt)

   [ring of positive energy]

   rElec:     It insulates you from electricity.
   rN+:       It protects you from negative energy.
 w - the ring of Tivomn (right fist) {rF++ AC+4, =R}
   (You found it on level 2 of the Depths)

   [ring of protection]

   AC+4:      It affects your AC (+4).
   rF++:      It greatly protects you from fire.
 O - the ring "Ruurier" {Int+4 SInv}
   (You found it on level 2 of the Depths)

   [ring of see invisible]

   Int+4:     It affects your intelligence (+4).
   SInv:      It lets you see invisible.
Talismans
 b - a storm talisman (active)
 k - the dragon-blood talisman of Eziuw {rN+}
   (You found it on level 10 of the Dungeon)

   [dragon-blood talisman]

   rN+:       It protects you from negative energy.
 G - a granite talisman
Wands
 d - a wand of digging (7)
 e - a wand of charming (17)
 j - a wand of quicksilver (28)
 r - a wand of roots (12)
 s - a wand of mindburst (30)
 P - a wand of polymorph (15)
Scrolls
 y - 4 scrolls of immolation
 B - 8 scrolls of blinking
 C - 5 scrolls of poison
 E - 13 scrolls of fear
 F - 3 scrolls of fog
 J - a scroll of silence {!r}
 S - 2 scrolls of butterflies
 T - 19 scrolls of teleportation
 V - 7 scrolls of vulnerability
Potions
 o - 13 potions of ambrosia
 q - 20 potions of curing
 u - 6 potions of mutation {!q}
 z - 11 potions of brilliance
 A - a potion of attraction
 H - 7 potions of haste {!q}
 I - a potion of invisibility
 K - 5 potions of magic {!q}
 L - 4 potions of lignification
 M - 9 potions of might
 N - 5 potions of cancellation {!q}
 R - 2 potions of resistance
 W - 13 potions of heal wounds {!q}
 X - 3 potions of enlightenment
 Z - a potion of berserk rage {!q}
Miscellaneous
 c - a condenser vane
 l - a lightning rod (4/4)
 n - a phial of floods
 U - a phantom mirror


   Skills:
 - Level 20.0 Fighting
 - Level 6.0 Throwing
 - Level 3.0 Armour
 + Level 18.5 Dodging
 - Level 2.0 Stealth
 - Level 12.0 Shields
 + Level 21.4 Unarmed Combat
 - Level 10.0 Spellcasting
 - Level 7.0 Conjurations
 - Level 7.0 Translocations
 - Level 7.0 Air Magic
 O Level 27 Alchemy
 - Level 15.0 Evocations
 - Level 25.0 Shapeshifting


You had 30 spell levels left.
You knew the following spells:

 Your Spells              Type           Power      Damage    Failure   Level
d - Iskenderun's Mystic   Conj/Tloc      22%        2d6       7%          4
g - Apportation           Tloc           44%        N/A       1%          1
B - Blink                 Tloc           44%        N/A       1%          2
C - Vhi's Electric Charg  Tloc/Air       44%        N/A       7%          4
E - Irradiate             Conj/Alch      23%        3d19      1%          5

Your spell library contained the following spells:

 Spells                   Type           Power      Damage    Failure   Level
 Sting                    Conj/Alch      100%       1d9       0%          1
 Mercury Vapours          Alch/Air       92%        N/A       0%          2
 Olgreb's Toxic Radiance  Alch           63%        N/A       0%          4
 Alistair's Intoxication  Alch           42%        N/A       0%          5
 Magic Dart               Conj           88%        1d7       1%          1
 Shock                    Conj/Air       88%        1d8       1%          1
 Cigotuvi's Dreadful Rot  Necr/Alch/Air  66%        N/A       1%          2
 Lesser Beckoning         Tloc           44%        N/A       1%          2
 Momentum Strike          Conj/Tloc      44%        3d9       1%          2
 Searing Ray              Conj           44%        2d6       1%          2
 Gell's Gravitas          Tloc           22%        N/A       1%          3
 Mephitic Cloud           Conj/Alch/Air  38%        N/A       1%          3
 Swiftness                Air            22%        N/A       1%          3
 Teleport Other           Tloc           22%        N/A       1%          3
 Fulminant Prism          Conj/Alch      23%        3d12      1%          4
 Leda's Liquefaction      Alch/Erth      19%        N/A       1%          4
 Petrify                  Alch/Erth      38%        N/A       1%          4
 Sticky Flame             Fire/Alch      38%        2d8       1%          4
 Yara's Violent Unravell  Hex/Alch       19%        3d9       1%          5
 Foxfire                  Conj/Fire      56%        2x1d6     2%          1
 Kiss of Death            Conj/Necr      56%        2d9       2%          1
 Airstrike                Air            11%        2d(2-18)  7%          4
 Manifold Assault         Tloc           22%        N/A       7%          4
 Passage of Golubria      Tloc           22%        N/A       7%          4
 Sculpt Simulacrum        Ice/Alch       19%        N/A       7%          6
 Hailstorm                Conj/Ice       14%        3d6       9%          3
 Stone Arrow              Conj/Erth      28%        3d8       9%          3
 Freeze                   Ice            24%        1d4       12%         1
 Necrotise                Necr           24%        1d5       12%         1
 Summon Small Mammal      Summ           24%        N/A       12%         1
 Call Imp                 Summ           12%        N/A       19%         2
 Jinxbite                 Hex            12%        N/A       19%         2
 Arcjolt                  Conj/Air       11%        1d21      19%         5
 Dimensional Bullseye     Hex/Tloc       7%         N/A       28%         4
 Summon Lightning Spire   Summ/Air       14%        N/A       28%         4
 Confusing Touch          Hex            6%         N/A       34%         3
 Frozen Ramparts          Ice            12%        1d2       34%         3
 Fugue of the Fallen      Necr           6%         N/A       34%         3
 Inner Flame              Hex/Fire       6%         N/A       34%         3
 Ozocubu's Armour         Ice            6%         N/A       34%         3
 Tukima's Dance           Hex            6%         N/A       34%         3
 Vampiric Draining        Necr           6%         2d6       34%         3
 Freezing Cloud           Conj/Ice/Air   8%         6-21      45%         5
 Silence                  Hex/Air        7%         N/A       61%         5
 Conjure Ball Lightning   Conj/Air       11%        3x3d6     71%         6
 Dispersal                Tloc           11%        N/A       71%         6
 Anguish                  Hex/Necr       3%         N/A       75%         4
 Animate Armour           Summ/Erth      12%        N/A       75%         4
 Cause Fear               Hex            3%         N/A       75%         4
 Dispel Undead            Necr           6%         3d8       75%         4
 Martyr's Knell           Necr/Summ      6%         N/A       75%         4
 Summon Blazeheart Golem  Fire/Summ      6%         N/A       75%         4
 Borgnjor's Vile Clutch   Necr/Erth      3%         N/A       97%         5
 Curse of Agony           Necr           6%         N/A       97%         5
 Lee's Rapid Deconstruct  Erth           3%         3d5*      97%         5
 Metabolic Englaciation   Hex/Ice        3%         N/A       97%         5
 Summon Mana Viper        Hex/Summ       6%         N/A       97%         5
 Plasma Beam              Fire/Air       7%         2x1d17    99%         6
 Starburst                Conj/Fire      7%         6d4       99%         6
 Death Channel            Necr           3%         N/A       100%        6
 Enfeeble                 Hex            3%         N/A       100%        7
 Haunt                    Necr/Summ      3%         N/A       100%        7
 Ozocubu's Refrigeration  Ice            3%         4d8       100%        7
 Spellforged Servitor     Conj/Summ      7%         N/A       100%        7
 Summon Hydra             Summ           3%         N/A       100%        7
 Borgnjor's Revivificati  Necr           3%         N/A       100%        8
 Discord                  Hex            3%         N/A       100%        8
 Disjunction              Tloc           11%        N/A       100%        8
 Ignition                 Fire           3%         3d4       100%        8
 Lehudib's Crystal Spear  Conj/Erth      7%         10d3      100%        8
 Death's Door             Necr           3%         N/A       100%        9
 Polar Vortex             Ice            3%         N/A       100%        9
 Sublimation of Blood     Necr           Unusable   N/A       N/A         2
 Animate Dead             Necr           Unusable   N/A       N/A         4

Dungeon Overview and Level Annotations

Branches:
Dungeon (15/15)            Temple (1/1) D:6            Lair (5/5) D:10
  Swamp (4/4) Lair:3       Spider (4/4) Lair:3        Slime (0/5) Lair:5
    Orc (2/2) D:11            Elf (3/3) Orc:2        Vaults (5/5) D:14
  Crypt (3/3) Vaults:2       Tomb (0/3) Crypt:3      Depths (4/4) D:15
    Zot (5/5) Depths:4      Sewer (visited)           IceCv (visited)
 WizLab (visited)         Gauntlet (visited)

Altars:
Ashenzari
Cheibriados
Dithmenos
Elyvilon
Fedhas
Gozag
Hepliaklqana
Kikubaaqudgha
Makhleb
Nemelex Xobeh
Okawaru
Qazlal
Ru
Sif Muna
Trog
Uskayaw
Vehumet
Wu Jian
Xom
Yredelemnul
Zin
The Shining One
Jiyva
Lugonu

Shops:
Orc:1 ?   Orc:2 **([   Elf:1 ::=   Elf:3 [=[   Vaults:3 *

Portals:
Hell: Depths:1 Depths:2 Depths:3 Depths:4
Abyss: Lair:5 Depths:3 Depths:4
Pandemonium: Depths:2
Ziggurat: Depths:4
Trove: Depths:3 (give +6 ice dragon scales)

Annotations:
Zot:5 1 exclusion


Innate Abilities, Weirdness & Mutations

You are a lightning-filled tempest!
Your electrical attacks strike out in all directions at once.
You are incredibly evasive.
Your insubstantial body is immune to petrification, constriction, and being set on fire You are flying.
Your armour is entirely melded.
You are incapable of wielding weapons or throwing items.
You are immune to poison.
((You are very nimble when in or above water. (Stealth+, EV+, Speed+++)))
((Your lower body shifts to a powerful aquatic tail in water.))
Your muscles are strong. (Str +4, Int/Dex -1)
You expend magic power (3 MP) to strengthen your wands.
((Your movements are slightly less encumbered by armour. (ER -2)))


Message History

There is a stone staircase leading up here.
The golden eye blinks at you. You resist with some effort.
The golden eye blinks at you. You resist with almost no effort.
The golden eye blinks!
The golden eye blinks at you. You resist with almost no effort.
You fly upwards.
There is a stone staircase leading down here.
Items here: )) [[.
There is a stone staircase leading up here.
You fly upwards.
There is a stone staircase leading down here.
There is a stone staircase leading up here.
You fly upwards.
There is a stone staircase leading down here.
A tormentor comes into view.
Blink to where?
Press: ? - help, Dir - move target
As you read the scroll of blinking, it crumbles to dust.
A mysterious force pulls you upwards. The hatch slams shut behind you.
You see here a +0 giant club.
There is a stone staircase leading up here.
You fly upwards.
There is a stone staircase leading down here.
There is an open door here.
A shadow demon comes into view.
There is a stone staircase leading up here.
You fly upwards.
There is a stone staircase leading down here.
A small abomination comes into view.
There is a stone staircase leading up here.
You fly upwards.
There is a stone staircase leading down here.
A hell beast comes into view.
There is a stone staircase leading up here.
You blast the hell beast!!!
The hell beast is severely wounded.
The hell beast completely misses you. x2
You closely miss the hell beast.
The hell beast is severely wounded.
The hell beast completely misses you. x2
You blast the hell beast!!!
You kill the hell beast!
You now have 10886 gold pieces (gained 20).
There is a stone staircase leading up here.
You fly upwards.
There is a stone staircase leading down here.
There is a staircase leading out of the dungeon here.
You have escaped!

#.#.....# ##'## #.# ##.#....>#
#...## #.# #........###
##...## #.#
#..##......#####....## ##.##
#.......#####...##...####...##
#.##>...###.....##...'........
#.#...##........##...####...##
#.#.#.##.........##.###.......
#.....##.....v...#### #.......
###.#####...♣.....# #...>...
#.# ###.........# #....... #.#
#.##........### #....... #.#
#.##.....###..# #....... #.#
#.##...#####..# #....... #.#
#...#####.....# ####.### #.#
##..# #......# #.#
#.####.######...########.#


There were no monsters in sight!

Vanquished Creatures
  3 orbs of fire (Zot:5)
  3 dread liches
  Khufu (Crypt:2)
  3 ancient liches
  Mennas (Crypt:2)
  3 royal mummies
  Xtahua (Crypt:1)
  2 Killer Klowns (Zot:5)
  the Lernaean hydra (Swamp:4)
  The ghost of Wiewnimod the Metallomancer, a veteran GrEE of Ashenzari (Depths:3)
  A caustic shrike (Depths:4)
  Margery (Crypt:2)
  A curse toe (Zot:3)
  6 golden dragons
  Norris (Elf:2)
  A profane servitor (Crypt:3)
  Arachne (Spider:3)
  3 electric golems
  A bone dragon (Crypt:3)
  An iron giant (Depths:2)
  2 doom hounds (Crypt:2)
  2 hellephants
  2 walking crystal tomes
  An Ice Fiend (D:14)
  12 tentacled monstrosities
  5 liches
  2 deep elf blademasters (Elf:3)
  20 Orb Guardians (Zot:5)
  The ghost of Malachi the Warrior, an adept AtFi of Jiyva (Depths:2)
  4 quicksilver dragons
  2 titans (Vaults:5)
  2 deep elf master archers (Elf:3)
  Grunn (Crypt:2)
  A walking divine tome (Depths:4)
  Asterion (Spider:2)
  3 acid blobs (Depths:3)
  An ancient champion (Crypt:3)
  2 walking frostbound tomes (WizLab)
  6 death cobs
  2 sphinxes
  A thorn hunter (Swamp:3)
  6 tengu reavers
  6 storm dragons
  2 strange machines (WizLab)
  A daeva (Depths:3)
  3 azure jellies (Depths:3)
  Roxanne (Spider:4)
  7 shadow dragons
  Agnes (Spider:3)
  A fenstrider witch (Swamp:3)
  5 draconian knights
  4 revenants
  2 protean progenitors (Zot:2)
  16 frost giants
  6 draconian monks
  2 deep elf sorcerers
  12 vault wardens
  3 balrugs
  7 deep elf elementalists
  3 iron dragons
  10 fire giants
  2 draconian shifters
  A ghost moth (shapeshifter) (Elf:3)
  6 ghost moths
  4 draconian scorchers
  4 emperor scorpions
  4 ghouls
  A curse skull (Crypt:1)
  6 draconian stormcallers
  5 quicksilver oozes
  2 draconian annihilators
  An angel (Depths:3)
  4 orc warlords
  A broodmother (shapeshifter) (Elf:3)
  22 ironbound preservers
  2 reapers
  19 stone giants
  A formless jellyfish (Vaults:2)
  6 broodmothers
  7 black draconians
  8 ironbound thunderhulks
  Nessos (D:12)
  18 very ugly things
  9 vampire knights
  11 deep elf demonologists
  7 eleionomae
  9 yellow draconians
  8 green draconians
  5 purple draconians
  2 war gargoyles (Vaults:4)
  8 deep elf death magi
  6 white draconians
  4 red draconians
  A minotaur (Gauntlet)
  6 spark wasps
  4 dire elephants
  3 bunyips
  6 deep elf annihilators
  6 crystal guardians
  12 ettins
  2 blizzard demons
  6 fire dragons
  Josephine (D:10)
  2 mummy priests (Crypt:3)
  2 shambling mangroves
  A green death (Depths:2)
  16 yaktaur captains
  7 entropy weavers
  4 eidola
  23 jiangshi
  4 deep elf high priests
  An entropy weaver (shapeshifter) (Lair:5)
  6 great orbs of eyes
  40 vault guards
  17 rakshasas
  2 hell beasts
  16 hydras
  4 jorogumos
  2 spriggan air magi
  8 ironbound frosthearts
  2 catoblepae
  6 ice dragons
  14 alligators
  A caustic shrike simulacrum (IceCv)
  4 peacekeepers
  An alligator (shapeshifter) (Elf:3)
  3 ogre magi
  4 radroaches
  2 death knights (Crypt:3)
  A boulder beetle (shapeshifter) (Elf:3)
  35 dancing weapons
  13 centaur warriors
  4 boulder beetles
  12 death yaks
  11 two-headed ogres
  9 deep troll shamans
  A death scarab (Gauntlet)
  12 deep troll earth magi
  8 tengu warriors
  3 orc high priests
  6 occultists (Depths:2)
  A soul eater (Crypt:2)
  9 demonic crawlers
  5 vampire magi
  2 thrashing horrors (Lair:5)
  5 sun demons
  4 spriggan berserkers
  10 deep elf knights
  9 hell knights
  A sixfirhy (D:14)
  4 skysharks
  21 skeletal warriors
  3 pharaoh ants
  7 iron trolls
  5 shadow wraiths
  3 glowing orange brains
  A bunyip zombie (Crypt:3)
  A glowing orange brain (shapeshifter) (Elf:3)
  6 flayed ghosts
  A spriggan druid (Swamp:4)
  3 cherubim (Depths:3)
  4 goliath frogs
  13 bog bodies
  66 deep trolls
  A quicksilver dragon simulacrum (Vaults:3)
  A death drake (shapeshifter) (Elf:2)
  10 orb spiders
  An orange crystal statue (IceCv)
  5 arcanists
  2 sun moths
  9 swamp dragons
  14 harpies
  5 lindwurms
  An orb spider (shapeshifter) (Elf:3)
  A spriggan simulacrum (Crypt:3)
  A bunyip skeleton (Crypt:2)
  9 deep elf archers
  14 ironbound convokers
  A spectral hydra (Gauntlet)
  A steelbarb worm (shapeshifter) (Elf:3)
  6 phantasmal warriors
  6 steelbarb worms
  Pikel (D:4)
  22 deep elf zephyrmancers
  8 necromancers
  3 manticores
  16 deep elf pyromancers
  10 orc knights
  An oklob plant (Lair:2)
  37 ugly things
  27 wolf spiders
  9 orc sorcerers
  3 large abominations (Lair:5)
  A stone giant zombie (Vaults:4)
  2 tengu skeletons
  A salamander (D:15)
  2 moths of wrath (shapeshifter) (Elf:3)
  A goliath frog skeleton (Crypt:2)
  5 cyclopes
  A wolf spider (shapeshifter) (Vaults:5)
  3 meliai (Spider:4)
  5 kobold blastminers
  17 moths of wrath
  4 will-o-the-wisps
  11 black mambas
  2 ice statues (Depths:2)
  22 vault sentinels
  9 elephants (Lair:5)
  7 torpor snails
  3 gargoyles
  3 smoke demons (Lair:5)
  An eye of devastation (Depths:3)
  An orange demon (Zot:2)
  A cane toad (shapeshifter) (Elf:3)
  15 cane toads
  A yaktaur (shapeshifter) (Elf:3)
  An elephant slug zombie (Crypt:1)
  An unseen horror (D:13)
  2 torpor snails (shapeshifter) (Vaults:5)
  2 kobold demonologists (D:14)
  2 rime drakes
  2 yaktaur zombies
  A golden dragon simulacrum (IceCv)
  A tengu conjurer (Depths:4)
  An efreet (D:14)
  24 yaktaurs
  18 freezing wraiths
  8 komodo dragons
  7 guardian mummies (Crypt:3)
  A yaktaur skeleton (Vaults:3)
  A queen bee (Orc:1)
  8 trolls
  A polar bear (Lair:2)
  3 tyrant leeches
  9 hornets
  A bloated husk (Swamp:1)
  An alligator simulacrum (IceCv)
  21 tarantellas
  32 blink frogs
  A glass eye (Depths:1)
  A raiju (Lair:5)
  2 elf zombies
  37 slime creatures
  5 dream sheep (Lair:5)
  34 jumping spiders
  16 culicivoras
  3 dire elephant simulacra
  5 water elementals
  4 vampires (Crypt:2)
  4 wyverns
  5 air elementals
  15 wraiths
  2 ynoxinuls (Lair:5)
  3 shadows
  8 spriggans
  A black mamba skeleton (Crypt:1)
  61 yaks
  Eustachio (D:4)
  6 wargs
  7 basilisks
  4 fire elementals
  10 vampire mosquitoes
  72 redbacks
  A steam dragon (D:8)
  2 chaos spawn (Lair:5)
  A glowing shapeshifter zombie (Vaults:3)
  A harpy simulacrum (IceCv)
  A naga (shapeshifter) (Lair:5)
  An acid dragon (D:9)
  17 small abominations
  11 swamp worms
  A deep troll skeleton (Crypt:2)
  14 water moccasins
  A hell hound (Gauntlet)
  A merfolk skeleton (Crypt:2)
  10 swamp drakes
  24 laughing skulls
  39 orc warriors
  A sky beast (D:8)
  14 ogres
  2 black bears (D:5)
  2 boggarts (D:9)
  14 centaurs
  A snapping turtle skeleton (Crypt:1)
  11 wolves
  A phantom (D:5)
  A draconian zombie (Crypt:2)
  4 kobold brigands
  A lemure (D:3)
  3 earth elementals
  4 necrophages (Crypt:3)
  12 bullfrogs
  11 wights
  The ghost of Serus the Trooper, a weakling MiMo (D:3)
  4 burial acolytes (Crypt:3)
  33 killer bees
  2 lindwurm simulacra (IceCv)
  4 electric eels
  6 howler monkeys (D:10)
  A jelly (D:4)
  A bombardier beetle (D:5)
  A wolf skeleton (Crypt:1)
  2 hounds
  A gnoll bouda (D:5)
  20 orc priests
  A sleepcap (D:6)
  2 iguanas
  28 orc wizards
  An acid dragon zombie (Crypt:1)
  A deep dwarf skeleton (Crypt:1)
  A hound skeleton (Crypt:1)
  A mummy (Crypt:2)
  6 adders
  3 gnolls (D:5)
  A shadow imp (D:7)
  2 white imps
  4 ufetubi
  An iguana skeleton (Crypt:1)
  9 dart slugs
  2 ribbon worms
  97 orcs
  8 ball pythons
  A bat (D:3)
  13 endoplasms
  11 giant cockroaches
  15 goblins
  14 hobgoblins
  7 jackals (D:1)
  3 quokkas
  A ball python zombie (Crypt:1)
  17 frilled lizards
  A goblin zombie (Crypt:2)
  A hobgoblin skeleton (Crypt:2)
  21 kobolds
  8 rats
2301 creatures vanquished.

Vanquished Creatures (collateral kills)
  Jory (Crypt:2)
  A quicksilver ooze (Zot:2)
  2 hydras
  A cyclops (D:15)
  A wraith (D:12)
6 creatures vanquished.

Vanquished Creatures (others)
  A frost giant (Depths:2)
  2 draconian annihilators (Zot:2)
  2 ice dragons (Depths:2)
  An alligator (Zot:2)
  A dancing weapon (Elf:2)
  3 deep elf knights (Elf:2)
  A deep elf zephyrmancer (Elf:3)
  A deep elf pyromancer (Elf:1)
  A torpor snail (Spider:4)
  A bloated husk (Swamp:4)
  A yak (Lair:5)
  A vampire mosquito (Swamp:1)
  An orc warrior (Vaults:5)
  3 orcs
  4 foxfires
24 creatures vanquished.

Grand Total: 2331 creatures vanquished

Notes
Turn   | Place    | Note
-------+----------+-------------------------------------------
     0 | D:1      | Ge0ff the Merfolk Shapeshifter began the quest for the Orb.
     0 | D:1      | Reached XP level 1. HP: 15/15 MP: 1/1
   130 | D:1      | Reached XP level 2. HP: 21/21 MP: 2/2
   243 | D:1      | Reached skill level 1 in Stealth
   303 | D:1      | Reached XP level 3. HP: 27/27 MP: 3/3
   729 | D:1      | Got Yrom's Parchment of Liminal Calling
  1276 | D:2      | Reached XP level 4. HP: 27/33 MP: 4/4
  1523 | D:2      | Found a faded altar of an unknown god.
  2146 | D:3      | Found a shimmering blue altar of Sif Muna.
  2204 | D:3      | Reached skill level 5 in Shapeshifting
  2217 | D:3      | Found a glowing drain.
  2224 | D:3      | Reached XP level 5. HP: 31/39 MP: 5/5
  2269 | Sewer    | Entered a sewer
  2541 | D:3      | Found a runed translucent gate.
  2542 | D:3      | Found a runed translucent gate.
  2542 | D:3      | Noticed a kobold brigand
  2544 | D:3      | Found a runed translucent gate.
  2554 | D:3      | Noticed Serus's ghost (weakling MiMo)
  2568 | D:3      | Reached XP level 6. HP: 47/47 MP: 6/6
  3312 | D:4      | Noticed Pikel
  3336 | D:3      | Reached skill level 5 in Unarmed Combat
  3997 | D:4      | Reached XP level 7. HP: 52/52 MP: 7/7
  4037 | D:4      | Noticed Eustachio
  4046 | D:4      | Killed Eustachio
  4068 | D:4      | Killed Pikel
  4069 | D:4      | Reached XP level 8. HP: 60/60 MP: 8/8
  4338 | D:5      | Entered Level 5 of the Dungeon
  4405 | D:5      | Reached skill level 1 in Evocations
  4848 | D:5      | Reached skill level 5 in Dodging
  5088 | D:5      | Reached skill level 5 in Fighting
  5386 | D:5      | Reached XP level 9. HP: 68/68 MP: 9/9
  5672 | D:6      | Found an opulent altar of Gozag.
  5699 | D:6      | Became a worshipper of Gozag Ym Sagoz the Greedy
  5930 | D:6      | Found a staircase to the Ecumenical Temple.
  5938 | Temple   | Entered the Ecumenical Temple
  7991 | D:7      | Reached XP level 10. HP: 77/77 MP: 10/10
  8452 | D:8      | Reached skill level 5 in Evocations
  9613 | D:9      | Reached skill level 10 in Unarmed Combat
 10001 | D:9      | Reached skill level 10 in Shapeshifting
 10429 | D:9      | Noticed a manticore
 10446 | D:9      | Killed a manticore
 10951 | D:9      | Noticed a two-headed ogre
 10954 | D:9      | Reached skill level 1 in Armour
 10959 | D:9      | Killed a two-headed ogre
 10961 | D:9      | Noticed a two-headed ogre
 10964 | D:9      | Killed a two-headed ogre
 10965 | D:9      | Reached XP level 11. HP: 81/87 MP: 11/11
 11305 | D:10     | Entered Level 10 of the Dungeon
 12191 | D:10     | Found a staircase to the Lair.
 12226 | D:10     | Noticed Josephine
 12247 | D:10     | Killed Josephine
 12725 | D:10     | Reached skill level 10 in Fighting
 12941 | D:10     | Identified the dragon-blood talisman of Eziuw {rN+}
 12967 | D:10     | Found a white marble altar of Elyvilon.
 13259 | D:11     | Noticed a cyclops
 13267 | D:11     | Killed a cyclops
 13785 | D:11     | Noticed a manticore
 13964 | D:11     | Noticed a two-headed ogre
 13970 | D:11     | Killed a two-headed ogre
 14069 | D:11     | Reached XP level 12. HP: 69/97 MP: 12/12
 14463 | D:11     | Found a staircase to the Orcish Mines.
 15174 | D:3      | Killed Serus's ghost
 15417 | Lair:1   | Entered Level 1 of the Lair of Beasts
 15673 | Lair:1   | Identified a scroll of acquirement
 15954 | Lair:1   | Reached skill level 15 in Shapeshifting
 16769 | Lair:2   | Reached skill level 1 in Alchemy
 16923 | Lair:2   | Reached XP level 13. HP: 106/106 MP: 13/13
 18431 | Lair:3   | Found a staircase to the Swamp.
 18431 | Lair:3   | Noticed an eleionoma
 18448 | Lair:3   | Killed an eleionoma
 18822 | Lair:3   | Found a hole to the Spider Nest.
 19494 | Lair:4   | Found a gate leading to a gauntlet.
 19504 | Gauntlet | Entered a Gauntlet
 19504 | Gauntlet | Found a transporter.
 19504 | Gauntlet | Found a transporter.
 19510 | Gauntlet | Found a transporter.
 19523 | Gauntlet | Found a transporter.
 19541 | Gauntlet | Found a transporter.
 19541 | Gauntlet | Found a transporter.
 19544 | Gauntlet | Found a transporter.
 19544 | Gauntlet | Found a transporter.
 19545 | Gauntlet | Found a transporter.
 19562 | Gauntlet | Found a transporter.
 19576 | Gauntlet | Found a transporter.
 19586 | Gauntlet | Found a transporter.
 19602 | Gauntlet | Found a transporter.
 19622 | Gauntlet | Found a transporter.
 19652 | Gauntlet | Acquired 766 gold pieces
 19661 | Gauntlet | Reached skill level 10 in Dodging
 19710 | Gauntlet | Identified the +2 pair of gloves "Powyug" {Regen+ Str+8
                  | Dex-4}
 20023 | Gauntlet | Identified the +2 helmet of Hopscotch {Stlth+}
 20198 | Gauntlet | Identified the +8 whip of Disintegration {distort, ^Drain
                  | rPois rN+}
 20198 | Gauntlet | Noticed a minotaur
 20204 | Gauntlet | Killed a minotaur
 20205 | Gauntlet | Reached XP level 14. HP: 72/113 MP: 14/14
 21459 | Lair:5   | Entered Level 5 of the Lair of Beasts
 22835 | Lair:5   | Reached XP level 15. HP: 118/118 MP: 15/15
 22835 | Lair:5   | Found a staircase to the Slime Pits.
 23647 | Lair:5   | Found a corrupted altar of Lugonu.
 23647 | Lair:5   | Found a one-way gate to the infinite horrors of the Abyss.
 23652 | Lair:5   | Identified the +0 leather armour "Edysejuh" {rC+ Regen+
                  | Str+4 Dex+2}
 23659 | Lair:5   | Got Sif Muna's Precepts of Fateful Distillation
 23832 | Lair:5   | Acquired 797 gold pieces
 24015 | Orc:1    | Entered Level 1 of the Orcish Mines
 24077 | Orc:1    | Reached skill level 15 in Unarmed Combat
 24093 | Orc:1    | Paralysed by an orc sorcerer for 5 turns
 24135 | Orc:1    | Noticed an orc warlord
 24161 | Orc:1    | Killed an orc warlord
 25093 | Orc:1    | Found Giut's Magic Scroll Boutique.
 25096 | Orc:1    | Bought a scroll of identify for 26 gold pieces
 25096 | Orc:1    | Bought a scroll of identify for 26 gold pieces
 25096 | Orc:1    | Bought a scroll of identify for 26 gold pieces
 25096 | Orc:1    | Bought a scroll of identify for 26 gold pieces
 25096 | Orc:1    | Bought a scroll of silence for 123 gold pieces
 25096 | Orc:1    | Bought a scroll of vulnerability for 52 gold pieces
 25096 | Orc:1    | Bought a scroll of enchant armour for 97 gold pieces
 25141 | Orc:2    | Entered Level 2 of the Orcish Mines
 25366 | Orc:2    | Found Eby Xyby's General Store.
 25702 | Orc:2    | Found a staircase to the Elven Halls.
 26061 | Orc:2    | Found Ostrif's General Store.
 26096 | Orc:2    | Learned a level 1 spell: Apportation
 26099 | Orc:2    | Learned a level 2 spell: Blink
 26162 | Orc:2    | Noticed an orc warlord
 26181 | Orc:2    | Killed an orc warlord
 26497 | Orc:2    | Found Utriul's Antique Weapon Shop.
 26509 | Orc:2    | Found Ewinac's Antique Armour Boutique.
 26761 | Orc:2    | Bought a potion of heal wounds for 60 gold pieces
 26761 | Orc:2    | Bought a potion of resistance for 120 gold pieces
 26761 | Orc:2    | Bought a scroll of fear for 48 gold pieces
 26761 | Orc:2    | Bought a scroll of fear for 48 gold pieces
 26994 | D:12     | Noticed Nessos
 27008 | D:12     | Killed Nessos
 28403 | D:14     | Reached XP level 16. HP: 125/125 MP: 16/16
 28417 | D:14     | Found a gate to the Vaults.
 28585 | D:14     | Found a blossoming altar of Fedhas.
 29195 | D:15     | Entered Level 15 of the Dungeon
 29598 | D:15     | Found a staircase to the Depths.
 30427 | Swamp:1  | Entered Level 1 of the Swamp
 31688 | Swamp:2  | You are sucked into a shaft and drop 1 floor!
 32207 | Swamp:1  | Reached XP level 17. HP: 98/131 MP: 17/17
 33354 | Swamp:4  | Entered Level 4 of the Swamp
 34831 | Swamp:4  | Noticed the 27-headed Lernaean hydra
 34849 | Swamp:4  | Killed the 27-headed Lernaean hydra
 34876 | Swamp:4  | Got a decaying rune of Zot
 35306 | Spider:1 | Entered Level 1 of the Spider Nest
 36259 | Spider:1 | You are sucked into a shaft and drop 1 floor!
 36382 | Spider:2 | Reached XP level 18. HP: 138/138 MP: 18/18
 36944 | Spider:2 | Noticed Asterion
 37056 | Spider:2 | Killed Asterion
 37221 | Spider:2 | Identified the +10 orcbow "Jellyslayer" {flame, rC- rN++
                  | rCorr Dex+3}
 38314 | Spider:3 | Noticed Agnes
 38325 | Spider:3 | Killed Agnes
 38383 | Spider:3 | Found a glacial archway.
 38554 | IceCv    | Entered an ice cave
 38565 | IceCv    | Found a transporter.
 38579 | IceCv    | Found a transporter.
 39904 | Spider:3 | Noticed Arachne
 39916 | Spider:3 | Killed Arachne
 39917 | Spider:3 | Reached skill level 10 in Evocations
 40304 | Spider:4 | Entered Level 4 of the Spider Nest
 41156 | Spider:4 | Noticed Roxanne
 41167 | Spider:4 | Killed Roxanne
 41281 | Spider:3 | Reached XP level 19. HP: 148/148 MP: 19/19
 42048 | Orc:2    | Bought a shiny helmet for 157 gold pieces
 42048 | Orc:2    | Bought a runed cloak for 157 gold pieces
 42449 | Spider:4 | Reached skill level 1 in Throwing
 42449 | Spider:4 | Reached skill level 1 in Shields
 43147 | Spider:4 | Got a gossamer rune of Zot
 43534 | Elf:1    | Entered Level 1 of the Elven Halls
 43665 | Elf:1    | Found Hyteyc's Book Boutique.
 43667 | Elf:1    | Found Oraod's Jewellery Shoppe.
 43668 | Elf:1    | Found Tiloeneg's Book Boutique.
 43675 | Elf:1    | Bought a ring of protection from cold for 425 gold pieces
 43885 | Elf:1    | Got the Codex of Pantheism
 44168 | Elf:1    | Reached skill level 5 in Throwing
 44168 | Elf:1    | Reached skill level 5 in Shields
 44378 | Elf:1    | Paralysed by an air elemental for 1 turns
 44388 | Elf:1    | Paralysed by an air elemental for 1 turns
 44687 | Elf:2    | Noticed Norris
 44708 | Elf:2    | Killed Norris
 45037 | Elf:2    | Noticed a Hell Sentinel
 45328 | Elf:2    | Found a runed translucent door.
 45365 | Elf:2    | Found a runed translucent door.
 45404 | Elf:2    | Reached skill level 1 in Spellcasting
 45431 | Elf:2    | Reached skill level 1 in Translocations
 46440 | Elf:2    | Reached XP level 20. HP: 156/156 MP: 24/24
 46622 | Elf:3    | Entered Level 3 of the Elven Halls
 46645 | Elf:3    | Found a magical portal.
 46656 | WizLab   | Entered Tukima's Studio
 46841 | WizLab   | Reached skill level 15 in Dodging
 47095 | WizLab   | Got the Catalogue of the Wyrd
 47173 | WizLab   | Noticed Ge0ff's illusion
 47180 | WizLab   | Noticed Ge0ff's illusion
 47197 | WizLab   | Identified the +0 hat of an ossuary {+Blink rPois Int+3}
 47200 | WizLab   | Identified the +5 plate armour "Badwidif" {Int-5 Dex+7
                  | Stlth+}
 47363 | Elf:3    | Found a huge runed translucent gate.
 47363 | Elf:3    | Found a huge runed translucent gate.
 47364 | Elf:3    | Found a huge runed translucent gate.
 47365 | Elf:3    | Found a huge runed translucent gate.
 47365 | Elf:3    | Found a huge runed translucent gate.
 47366 | Elf:3    | Found a huge runed translucent gate.
 47366 | Elf:3    | Found a huge runed translucent gate.
 47366 | Elf:3    | Found a huge runed translucent gate.
 47366 | Elf:3    | Found a huge runed translucent gate.
 47368 | Elf:3    | Found a huge runed translucent gate.
 47368 | Elf:3    | Found a huge runed translucent gate.
 47368 | Elf:3    | Found a huge runed translucent gate.
 47368 | Elf:3    | Found a huge runed translucent gate.
 47368 | Elf:3    | Paralysed by an air elemental for 1 turns
 47375 | Elf:3    | Found a huge runed translucent gate.
 47376 | Elf:3    | Found a huge runed translucent gate.
 47377 | Elf:3    | Found a huge runed translucent gate.
 47377 | Elf:3    | Found a huge runed translucent gate.
 47439 | Elf:3    | Paralysed by an air elemental for 1 turns
 47596 | Elf:3    | Found a huge runed translucent gate.
 47596 | Elf:3    | Found a huge runed translucent gate.
 47597 | Elf:3    | Found a huge runed translucent gate.
 47598 | Elf:3    | Found a huge runed translucent gate.
 47599 | Elf:3    | Found a huge runed translucent gate.
 47600 | Elf:3    | Found a huge runed translucent gate.
 47601 | Elf:3    | Found a huge runed translucent gate.
 47601 | Elf:3    | Found a huge runed translucent gate.
 47606 | Elf:3    | Found a huge runed translucent gate.
 47607 | Elf:3    | Found a huge runed translucent gate.
 47607 | Elf:3    | Found a huge runed translucent gate.
 47607 | Elf:3    | Found a huge runed translucent gate.
 47607 | Elf:3    | Found a huge runed translucent gate.
 47609 | Elf:3    | Found a huge runed translucent gate.
 47610 | Elf:3    | Found a huge runed translucent gate.
 47611 | Elf:3    | Found a huge runed translucent gate.
 47611 | Elf:3    | Found a huge runed translucent gate.
 47614 | Elf:3    | Found a huge runed translucent gate.
 47621 | Elf:3    | Found a huge runed translucent gate.
 47995 | Elf:3    | Paralysed by an air elemental for 1 turns
 48005 | Elf:3    | Paralysed by an air elemental for 1 turns
 48411 | Elf:3    | Noticed a hellephant
 48424 | Elf:3    | Reached skill level 5 in Spellcasting
 48473 | Elf:3    | Killed a hellephant
 48490 | Elf:3    | Reached skill level 15 in Fighting
 48490 | Elf:3    | Reached XP level 21. HP: 119/168 MP: 24/29
 48965 | Elf:3    | Identified the +3 trident of Kufaisk {freeze, rElec MP+9
                  | Stlth-}
 49413 | Elf:3    | Identified the +6 war axe of the Sun {drain, rPois rN++
                  | Will+ Str-3}
 49422 | Elf:3    | Reached skill level 5 in Translocations
 49831 | Elf:3    | Identified the +0 pair of boots "Fopyn" {rN+ Str+7 Int-4
                  | SInv}
 49857 | Elf:3    | Identified the +0 ring mail of Compression {Harm SInv}
 49959 | Elf:3    | Got the Lectures on the Map
 50025 | Elf:3    | Bought the amulet of Vitality {RegenMP++ Regen++} for 2100
                  | gold pieces
 50025 | Elf:3    | Found the amulet of Vitality {RegenMP++ Regen++}
 50370 | Vaults:1 | Entered Level 1 of the Vaults
 50993 | Vaults:1 | Reached skill level 2 in Alchemy
 51008 | Vaults:1 | Reached XP level 22. HP: 178/178 MP: 32/32
 51019 | Vaults:1 | Reached skill level 3 in Alchemy
 51328 | Vaults:1 | Reached skill level 4 in Alchemy
 51543 | Vaults:1 | Reached skill level 5 in Alchemy
 51992 | Vaults:1 | Learned a level 5 spell: Irradiate
 52172 | Vaults:2 | Reached skill level 1 in Conjurations
 52265 | Vaults:2 | Reached skill level 6 in Alchemy
 53302 | Vaults:2 | Found a staircase to the Crypt.
 53485 | Vaults:2 | Reached skill level 10 in Shields
 54174 | Vaults:3 | Found Weoriaqoo's Assorted Antiques.
 54183 | Vaults:3 | Bought a condenser vane for 1480 gold pieces
 54183 | Vaults:3 | Bought a scroll of teleportation for 111 gold pieces
 54183 | Vaults:3 | Bought a scroll of fear for 148 gold pieces
 54183 | Vaults:3 | Bought a wand of roots (2) for 177 gold pieces
 54204 | Vaults:3 | Reached XP level 23. HP: 188/188 MP: 33/33
 54454 | Vaults:3 | Reached skill level 5 in Conjurations
 54841 | Vaults:3 | Identified the +6 spear of Niproati {pain, rPois Int+4}
 56640 | Depths:1 | Entered Level 1 of the Depths
 56779 | Depths:1 | Found a gateway to Hell.
 56978 | Depths:1 | Learned a level 4 spell: Iskenderun's Mystic Blast
 56983 | Depths:1 | Learned a level 4 spell: Vhi's Electric Charge
 57305 | Depths:1 | Identified the +3 falchion "Ycuatol" {pain, rC+}
 57825 | Depths:2 | Found a transporter.
 57825 | Depths:2 | Noticed Malachi's ghost (adept AtFi)
 57826 | Depths:2 | Found a transporter.
 57826 | Depths:2 | Identified the +8 great mace "Lafuh" {freeze, rPois rCorr
                  | Str-3 Int+5}
 57828 | Depths:2 | Identified the +6 giant spiked club of Ragnarok {heavy, Fly
                  | rF+ Str-4 Dex+6}
 58183 | Depths:2 | Reached skill level 1 in Air Magic
 58190 | Depths:2 | Reached XP level 24. HP: 204/204 MP: 33/33
 58276 | Depths:2 | Reached skill level 7 in Alchemy
 58401 | Depths:2 | Found a one-way gate leading to the halls of Pandemonium.
 58653 | Depths:2 | Noticed an ancient lich
 58669 | Depths:2 | Killed an ancient lich
 58697 | Depths:2 | Identified the ring "Ruurier" {Int+4 SInv}
 58906 | Depths:2 | Killed Malachi's ghost
 58907 | Depths:2 | Reached skill level 8 in Alchemy
 58924 | Depths:2 | Identified the ring of Tivomn {rF++ AC+4}
 58933 | Depths:2 | Identified the +1 ring mail of Midnight {rElec rN+}
 59223 | Depths:3 | Found a portal to a secret trove of treasure.
 59436 | Depths:3 | Reached skill level 9 in Alchemy
 59814 | Depths:3 | Found a runed translucent gate.
 59814 | Depths:3 | Found a runed translucent gate.
 59815 | Depths:3 | Found a runed translucent gate.
 59817 | Depths:3 | Noticed Wiewnimod's ghost (veteran GrEE)
 59915 | Depths:3 | Found a viscous altar of Jiyva.
 59923 | Depths:3 | Reached skill level 10 in Alchemy
 59928 | Depths:3 | Reached skill level 5 in Air Magic
 59941 | Depths:3 | Killed Wiewnimod's ghost
 59952 | Depths:3 | Identified the +0 helmet of Vermicelli {rPois rC- rN++
                  | Regen+}
 59974 | Depths:3 | Identified the staff of Qyixkudach {*Corrode rF+ rN+ Str+4
                  | Conj Necro}
 60068 | Depths:3 | Found a hide-covered altar of Uskayaw.
 60341 | Depths:4 | Entered Level 4 of the Depths
 60367 | Depths:4 | Reached skill level 11 in Alchemy
 60422 | Depths:4 | Noticed a caustic shrike
 60430 | Depths:4 | Killed a caustic shrike
 60761 | Depths:4 | Reached XP level 25. HP: 170/210 MP: 33/33
 60829 | Depths:4 | Reached skill level 12 in Alchemy
 60970 | Depths:4 | Found a one-way gateway to a ziggurat.
 61149 | Depths:4 | Found a gate to the Realm of Zot.
 61750 | Crypt:1  | Entered Level 1 of the Crypt
 61805 | Crypt:1  | Reached skill level 13 in Alchemy
 61893 | Crypt:1  | Noticed Xtahua
 61901 | Crypt:1  | Killed Xtahua
 62609 | Crypt:2  | Noticed Margery
 62635 | Crypt:2  | Killed Margery
 62678 | Crypt:2  | Noticed Mennas
 62697 | Crypt:2  | Noticed Grunn
 62706 | Crypt:2  | Killed Mennas
 62714 | Crypt:2  | Killed Grunn
 62715 | Crypt:2  | Reached skill level 14 in Alchemy
 62748 | Crypt:2  | Noticed Khufu
 62749 | Crypt:2  | Noticed a royal mummy
 62775 | Crypt:3  | Entered Level 3 of the Crypt
 62819 | Crypt:2  | Killed a royal mummy
 62834 | Crypt:2  | Noticed a royal mummy
 62843 | Crypt:2  | Killed Khufu
 62883 | Crypt:1  | Killed a royal mummy
 62915 | Crypt:2  | Found a basalt altar of Yredelemnul.
 63162 | Crypt:2  | Noticed Jory
 63202 | Crypt:2  | Killed Jory
 63714 | Crypt:3  | Reached skill level 15 in Evocations
 63747 | Crypt:3  | Reached skill level 15 in Alchemy
 63798 | Crypt:3  | Found an ancient bone altar of Kikubaaqudgha.
 63977 | Crypt:3  | Identified the ring of Nyfuarah {rPois rC- Will+ Str+3
                  | Stlth+}
 64044 | Crypt:3  | Reached skill level 10 in Spellcasting
 64059 | Crypt:3  | Reached XP level 26. HP: 136/218 MP: 35/37
 64180 | Crypt:3  | Reached skill level 16 in Alchemy
 64232 | Crypt:3  | Identified the ring of Tinnarchisk {rC+ rN+ Slay+2}
 64232 | Crypt:3  | Identified the ring "Sielosiu" {rElec rN+}
 64232 | Crypt:3  | Identified the ring of Sunlight {rN+ Dex+5 Slay+2}
 64459 | Crypt:3  | Found a staircase to the Tomb.
 64459 | Crypt:3  | Noticed a royal mummy
 64468 | Crypt:3  | Killed a royal mummy
 64610 | Crypt:3  | Reached skill level 17 in Alchemy
 64666 | Crypt:3  | Got Figifar's Lectures on the Mortuary
 64961 | Crypt:3  | Gained mutation: Your body sometimes deteriorates upon
                  | taking damage. [potion of mutation]
 64961 | Crypt:3  | Gained mutation: Your magical capacity is low. (-10% MP)
                  | [potion of mutation]
 64961 | Crypt:3  | Gained mutation: You are vulnerable to heat. (rF-) [potion
                  | of mutation]
 64962 | Crypt:3  | Lost mutation: Your body sometimes deteriorates upon taking
                  | damage. [potion of mutation]
 64962 | Crypt:3  | Lost mutation: Your magical capacity is low. (-10% MP)
                  | [potion of mutation]
 64962 | Crypt:3  | Lost mutation: You are vulnerable to heat. (rF-) [potion of
                  | mutation]
 64962 | Crypt:3  | Gained mutation: You expend magic power (3 MP) to
                  | strengthen your wands. [potion of mutation]
 64962 | Crypt:3  | Lost mutation: You expend magic power (3 MP) to strengthen
                  | your wands. [potion of mutation]
 64962 | Crypt:3  | Gained mutation: You are partially covered in large bone
                  | plates. (SH +4) [potion of mutation]
 64963 | Crypt:3  | Lost mutation: You are partially covered in large bone
                  | plates. (SH +4) [potion of mutation]
 64963 | Crypt:3  | Gained mutation: You occasionally lose the ability to drink
                  | potions when taking damage. [potion of mutation]
 64963 | Crypt:3  | Gained mutation: You passively dampen the noise of your
                  | surroundings. [potion of mutation]
 64963 | Crypt:3  | Gained mutation: You expend magic power (3 MP) to
                  | strengthen your wands. [potion of mutation]
 64964 | Crypt:3  | Lost mutation: You occasionally lose the ability to drink
                  | potions when taking damage. [potion of mutation]
 64964 | Crypt:3  | Lost mutation: You passively dampen the noise of your
                  | surroundings. [potion of mutation]
 64964 | Crypt:3  | Gained mutation: Your movements are slightly less
                  | encumbered by armour. (ER -2) [potion of mutation]
 64964 | Crypt:3  | Gained mutation: Your magical capacity is low. (-10% MP)
                  | [potion of mutation]
 64964 | Crypt:3  | Gained mutation: You have a pair of small horns on your
                  | head. [potion of mutation]
 64965 | Crypt:3  | Lost mutation: You have a pair of small horns on your head.
                  | [potion of mutation]
 64965 | Crypt:3  | Lost mutation: Your magical capacity is low. (-10% MP)
                  | [potion of mutation]
 64965 | Crypt:3  | Gained mutation: You have hidden genetic defects. [potion
                  | of mutation]
 64965 | Crypt:3  | Lost mutation: You have hidden genetic defects. [potion of
                  | mutation]
 65114 | Vaults:5 | Entered Level 5 of the Vaults
 65114 | Vaults:5 | Noticed a dread lich
 65293 | Vaults:5 | Reached skill level 18 in Alchemy
 65359 | Vaults:5 | Reached skill level 19 in Alchemy
 65389 | Vaults:5 | Killed a dread lich
 65404 | Vaults:5 | Reached skill level 20 in Alchemy
 65539 | Vaults:5 | Reached skill level 21 in Alchemy
 65633 | Vaults:5 | Identified the +2 great sword of Killia {protect, rCorr
                  | Str+6 Int-3}
 66035 | Vaults:5 | Identified the +5 quarterstaff "Cischuont" {flame, rF+ rC+}
 66127 | Vaults:5 | Identified the +9 ring mail of Understanding {Str+4 Dex+4
                  | Stlth-}
 66131 | Vaults:5 | Got Ubiomeq's Incunabulum of the Dislocated Coals
 66176 | Vaults:5 | Reached skill level 22 in Alchemy
 66506 | Vaults:5 | Got a silver rune of Zot
 66536 | Vaults:5 | Identified the +1 shortbow of the Onslaught {freeze, rCorr}
 66550 | Vaults:5 | Reached skill level 23 in Alchemy
 66662 | Vaults:5 | Identified the ring "Liossiv" {MP+9 Dex+2 Slay+2}
 66666 | Vaults:5 | Identified the +4 chain mail of the Sacrificial Victim
                  | {rPois Str-5 Dex+6 Slay+3}
 66670 | Vaults:5 | Identified the +9 sling of Flawed Execution {flame, Int+3}
 66989 | Zot:1    | Entered Level 1 of the Realm of Zot
 66993 | Zot:1    | Reached XP level 27. HP: 224/224 MP: 37/37
 67365 | Zot:2    | Reached skill level 24 in Alchemy
 67496 | Zot:3    | Identified the ring "Kona Vor" {rC+ rN+ Str-2 Int+3 Stlth+}
 67645 | Zot:3    | Acquired 915 gold pieces
 67821 | Zot:3    | Reached skill level 25 in Alchemy
 68504 | Zot:4    | Reached skill level 26 in Alchemy
 68591 | Zot:5    | Entered Level 5 of the Realm of Zot
 68843 | Zot:5    | Noticed an orb of fire
 68852 | Zot:5    | Killed an orb of fire
 68874 | Zot:5    | Reached skill level 27 in Alchemy
 69799 | Zot:5    | Noticed an ancient lich
 69805 | Zot:5    | Noticed a dread lich
 69806 | Zot:5    | Killed an ancient lich
 69817 | Zot:5    | Noticed an orb of fire
 69827 | Zot:5    | Killed a dread lich
 69828 | Zot:5    | Noticed an ancient lich
 69834 | Zot:5    | Gained mutation: Your muscles are strong. (Str +4, Int/Dex
                  | -1) [an orb of fire]
 69835 | Zot:5    | Killed an orb of fire
 69844 | Zot:5    | Killed an ancient lich
 69849 | Zot:5    | Noticed an orb of fire
 69857 | Zot:5    | Killed an orb of fire
 69946 | Zot:5    | Noticed a dread lich
 69953 | Zot:5    | Paralysed by a dread lich for 5 turns
 69966 | Zot:5    | Killed a dread lich
 70085 | Zot:5    | Got the Orb of Zot
 70105 | Zot:5    | Noticed an orb of fire
 70106 | Zot:5    | Noticed an orb of fire
 70541 | D:$      | Escaped with the Orb!

Illustrated notes

Levels and vault maps discovered:
D:1:      spicycebolla_green_bress_n_ham, layout_loops_corners
D:2:      layout_loops_corners, shapermc_ecumenical_altar_totnotflames,
          minmay_strange_pillars, palyth_stone_intersect
D:3:      layout_loops_ring, mainiacjoe_overflow_cross_hatched,
          portal_sewer_entry_d, gammafunk_ghost_nasty_kobolds
D:4:      layout_gridville, uniq_eustachio, uniq_pikel
D:5:      nicolae_cairo_tiling_very_big, layout_basic, nicolae_fountain_basement
D:6:      layout_cave_pools, nicolae_gozag_cash_rules_everything_around_me,
          minmay_temple_entry_slanted
D:7:      layout_basic, minmay_microvault
D:8:      layout_basic
D:9:      layout_cave_pods, nicolae_phantomly_mirrored
D:10:     layout_irregular_city, nicolae_elyvilon_temple_path, lair_entry_dummy,
          nrook_mini_backslash, uniq_josephine
D:11:     layout_loops_ring, erik_orc_2
D:12:     layout_rooms, uniq_nessos
D:13:     layout_cross
D:14:     layout_roguey, hellmonk_vaults_order_and_chaos,
          hangedman_abyss_or_decor_lesser_grid, fedhas_altar_3
D:15:     hangedman_depths_entry_try_elsewhere_first, layout_rooms
Temple:   compressed_dpeg_triangle_lava_temple
Lair:1:   layout_loops_ring
Lair:2:   layout_layer_cave
Lair:3:   layout_chaotic_city, alex1729_swamp_entry_worm_eleionoma,
          nicolae_spider_entry_tight_spaces, fungi_pond_lemuel,
          beast_lair_carwin_4, lemuel_fruit_tree, grunt_megastairs_2,
          infiniplex_staircase_pool_2
Lair:4:   layout_cave_pods, gauntlet_entry_generic
Lair:5:   hellmonk_lair_end_abyssal_woods, layout_regular_city, slime_entry_1,
          grunt_megastairs_3, infiniplex_staircase_pool
Swamp:1:  layout_basic_swamp, evilmike_swamp_ruin_house_2, swamp_pool_1_2
Swamp:2:  layout_basic_swamp, nicolae_swamp_some_circles
Swamp:3:  layout_basic_swamp, nicolae_swamp_tree_isthmus, swamp_pool_1_2,
          nicolae_swamp_decorative_isthmus
Swamp:4:  grunt_swamp_rune_castle, layout_basic_swamp, swamp_pool_1_2
Spider:1: layout_spider_delve, guppyfry_spider_mini_1
Spider:2: layout_chambers, uniq_asterion
Spider:3: layout_spider_delve, portal_ice_cave_entry_pillars_three,
          uniq_arachne, uniq_agnes
Spider:4: guppyfry_spider_rune, uniq_roxanne
Orc:1:    layout_caves, serial_shops, nicolae_shop_rolled_up, special_room
          [special_room_bee], nicolae_orc_minecarts
Orc:2:    grunt_orc_community_town_hall, layout_caves,
          grunt_orc_community_big_house_1, grunt_orc_community_big_house_1,
          grunt_orc_community_house_3, grunt_orc_community_house_3,
          grunt_orc_community_house_1, grunt_orc_community_house_2,
          grunt_orc_community_house_3, grunt_orc_community_house_2
Elf:1:    nicolae_elf_arrival_no_cutting_in_line, layout_geoelf_grid,
          minmay_elf_annihilation, minmay_shop_grove
Elf:2:    elven_hall_of_blades_hangedman_original
          [nicolae_blade_entry_splitting_headache], layout_onion_city,
          uniq_norris
Elf:3:    grunt_elf_hall_asides, layout_loops_corners, mu_enter_wizlab_1,
          not_door_vault_due
Vaults:1: nicolae_vaults_alarming, nicolae_vaults_diffraction_hallways,
          vaults_room_grunt_arrival_checkpoint, nicolae_vaults_little_squares_1,
          hangedman_vaults_stagger, nicolae_vaults_inception_statues,
          hangedman_vaults_corner_blocks, ontoclasm_vaults_loading_screen,
          vaults_standard_mumra_x, nicolae_vaults_stairing_the_circle,
          nicolae_vaults_closet_pinwheel_3, layout_vaults_maze
Vaults:2: nicolae_vaults_storage_closets_2, v_misc_27, st_lines, serial_ice_b,
          minmay_crypt_entry_simple_statues, nicolae_vaults_network_s,
          hangedman_vaults_nails, nicolae_vaults_sightless_eye,
          nicolae_vaults_sesquioval_fish, nicolae_vaults_two_Ls,
          layout_vaults_omnigrid
Vaults:3: vaults_room_octagon, vaults_standard_mumra_lines, v_misc_4,
          grunt_vaults_swirl, nicolae_vaults_closet_pinwheel_6,
          nicolae_vaults_tetromino_L_1, v_pattern_5, vaults_room_fancy_cross,
          nicolae_vaults_variable_pillar_hall, nicolae_vaults_mini_display_case,
          nicolae_vaults_tetromino_Z_2, nicolae_vaults_specimen_jars,
          layout_vaults_omnicross, serial_shops, nicolae_shop_peninsula
Vaults:4: nicolae_vaults_windows_and_doors_thing,
          vaults_mumra_minichess_inversion, nicolae_vaults_lightning_bolt,
          hangedman_vaults_restitches, nicolae_vaults_layer_cake_slice,
          layout_vaults_chaotic_city
Vaults:5
Crypt:1:  layout_regular_city, grunt_crypt_arrival_webbed, uniq_xtahua
Crypt:2:  layout_gridlike, weyrava_vampire_temple, uniq_grunn, uniq_khufu,
          uniq_jory, uniq_mennas, uniq_margery
Crypt:3:  grunt_crypt_end_deaths_head
Depths:1: layout_gridville, pf_vacation_house_of_asmodeus,
          serial_co_window_serial, co_window_corner_a, co_window_corner_a,
          co_window_cross_1, co_window_paths_a, co_window_paths_a,
          co_window_unsneaky_path_e, co_window_of_opportunity_b,
          co_window_broadway_b, co_window_4corner_b, co_window_4corner_a,
          st_stairs_6, grunt_decor_mini_mirrors, kennysheep_generic_room_13
Depths:2: cheibrodos_cascadia, layout_long_grid, gammafunk_ghost_smash,
          grunt_pan_entry_zigzag, hell_entry
Depths:3: regret_index_uskayaw_diablada_macabre, layout_gridlike,
          nicolae_trove_entry_crossroad, lightli_too_deep,
          hangedman_abyss_entry_splay, gammafunk_ghost_ooze
Depths:4: grunt_zot_entry_gee_three, layout_gridlike, enter_ziggurat_b,
          abyss_entry_crystal, hell_entry, kb_rosetta
Zot:1:    layout_twisted_circle, regret_index_zotdec_demonic_mixed,
          kennysheep_underground_church, uniq_josephina, uniq_parghit
Zot:2:    layout_onion, regret_index_zotdec_serpentine_scales
Zot:3:    layout_cellular_growth, grunt_megastairs_1
Zot:4:    layout_concentric_octagons, grunt_ministairs_12, lemuel_lake_of_fire
Zot:5:    layout_gridlike

Skill      XL: |  1  2  3  4  5  6  7  8  9 10 11 12 13 14 15 16 17 18 19 20 21 22 23 24 25 26 27 |
---------------+----------------------------------------------------------------------------------+-----
Stealth        | 1 2 |  2.0
Fighting       | 2 3 4 5 6 8 10 11 12 13 15 16 17 20 | 20.0
Unarmed Combat | 4 5 7 8 9 10 11 12 14 16 18 20 21 | 21.4
Shapeshifting  | 5 6 7 8 10 13 16 17 18 20 22 24 25 | 25.0
Dodging        | 4 5 7 10 12 14 15 18 | 18.5
Evocations     | 2 4 5 7 9 10 11 13 15 | 15.0
Armour         | 2 3 |  3.0
Alchemy        | 1 2 6 11 15 23 27 | 27.0
Throwing       | 6 |  6.0
Shields        | 7 10 12 | 12.0
Spellcasting   | 2 5 7 10 | 10.0
Translocations | 2 4 6 7 |  7.0
Conjurations   | 4 7 |  7.0
Air Magic      | 1 6 7 |  7.0

Action                     |  1- 3 |  4- 6 |  7- 9 | 10-12 | 13-15 | 16-18 | 19-21 | 22-24 | 25-27 || total
---------------------------+-------+-------+-------+-------+-------+-------+-------+-------+-------++-------
  Melee: Unarmed           |   116 |   190 |   261 |   410 |   782 |   756 |   703 |  1323 |  1227 ||  5768
         Punch             |     6 |     7 |     2 |    18 |    52 |    93 |     3 |    34 |   186 ||   401
         Tailslap          |       |     7 |       |    15 |   106 |    99 |     2 |     9 |       ||   238
         Bite              |       |       |       |    20 |    78 |    74 |       |       |       ||   172
  Throw: Javelin           |     3 |     1 |       |       |       |       |       |       |       ||     4
         Stone             |       |     7 |       |       |       |       |       |       |       ||     7
         Boomerang         |       |       |       |       |       |       |   120 |    58 |       ||   178
         Dart              |       |       |       |       |       |       |     8 |       |       ||     8
   Cast: Vhi's Electric Ch |       |       |       |       |       |       |       |       |    12 ||    12
         Irradiate         |       |       |       |       |       |       |       |       |     5 ||     5
         Apportation       |       |       |       |       |       |       |       |       |     5 ||     5
         Blink             |       |       |       |       |       |       |       |       |     1 ||     1
 Invoke: Potion Petition   |       |       |       |     1 |     1 |     6 |     9 |     5 |     3 ||    25
         Call Merchant     |       |       |       |       |       |       |     3 |       |       ||     3
Ability: Begin Untransform |       |     2 |       |       |     3 |       |     2 |     1 |       ||     8
         Breathe Fire      |       |       |       |     6 |    31 |    60 |       |       |       ||    97
         End Transformatio |       |       |       |       |       |       |     1 |       |       ||     1
         Blinkbolt         |       |       |       |       |       |       |       |    18 |    73 ||    91
  Evoke: Wand              |       |       |     5 |     9 |    14 |     9 |     6 |       |     2 ||    45
         Phantom mirror    |       |       |       |     1 |     2 |     4 |     2 |     2 |     1 ||    12
         Lightning rod     |       |       |       |       |       |     9 |    12 |    10 |       ||    31
         Condenser vane    |       |       |       |       |       |       |       |     4 |       ||     4
    Use: Scroll            |       |     6 |     4 |     7 |    11 |    12 |     9 |     3 |    11 ||    63
         Potion            |       |     1 |     1 |     1 |       |     6 |     5 |     1 |    20 ||    35
   Stab: Sleeping          |     2 |     1 |       |       |     8 |     4 |     3 |    11 |     1 ||    30
         Distracted        |       |       |     1 |     4 |     8 |     8 |     5 |     6 |    12 ||    44
         Petrified         |       |       |       |       |     1 |       |       |       |       ||     1
         Invisible         |       |       |       |       |       |     4 |     6 |     1 |    10 ||    21
 Armour: Animal skin       |     7 |       |       |       |       |       |       |       |       ||     7
         Ring mail         |    30 |    43 |       |       |       |       |       |       |       ||    73
         Plate armour      |       |    34 |    10 |    97 |       |       |       |       |       ||   141
         Skin              |       |     1 |    99 |    67 |   456 |   564 |   581 |  1074 |   377 ||  3219
         Robe              |       |       |       |    58 |       |       |       |       |       ||    58
  Dodge: Dodged            |    41 |    61 |   182 |   129 |   272 |   358 |   453 |  1177 |  1241 ||  3914
  Block: Other             |     4 |    40 |    54 |    47 |   119 |   121 |     6 |       |       ||   391
         Reflection        |       |     2 |     1 |     2 |     8 |     5 |    21 |       |       ||    39
         Buckler           |       |       |       |       |       |       |   354 |       |       ||   354
         Kite shield       |       |       |       |       |       |       |    14 |   796 |    35 ||   845
   Form: Beast             |       |     2 |       |       |       |       |       |       |       ||     2
         Flux              |       |       |     1 |       |       |       |       |       |       ||     1
         Blade             |       |       |       |     1 |       |       |       |       |       ||     1
         Dragon            |       |       |       |     1 |     3 |       |       |       |       ||     4
         Statue            |       |       |       |       |       |       |     3 |       |     1 ||     4
         Storm             |       |       |       |       |       |       |       |     2 |     1 ||     3

Table legend: (Time is in decaauts)
 A = Elapsed time spent in this place.
 B = Non-inter-level travel time spent in this place.
 C = Inter-level travel time spent in this place.
 D = Time resting spent in this place.
 E = Time spent auto-exploring this place.
 F = Levels seen in this place.
 G = Mean time per level.
                   A        B        C        D        E       F      G
               +--------+--------+--------+--------+--------+-----+--------+
         Total |  77121 |  69706 |   7415 |   3471 |  49737 |  55 | 1402.2 |
       Dungeon |  20057 |  17206 |   2851 |   1313 |  12678 |  15 | 1337.1 |
        Temple |      1 |      1 |      0 |      0 |      0 |   1 |    1.0 |
          Lair |   8780 |   7681 |   1099 |     92 |   6152 |   5 | 1756.0 |
         Swamp |   4555 |   4383 |    172 |    213 |   3256 |   4 | 1138.8 |
   Spider Nest |   7256 |   6633 |    623 |    747 |   4300 |   4 | 1814.0 |
  Orcish Mines |   3195 |   2776 |    419 |      6 |   2058 |   2 | 1597.5 |
   Elven Halls |   8742 |   8319 |    423 |    175 |   6287 |   3 | 2914.0 |
        Vaults |  10014 |   9097 |    917 |    176 |   6293 |   5 | 2002.8 |
         Crypt |   3153 |   2976 |    177 |    120 |   1795 |   3 | 1051.0 |
        Depths |   5883 |   5386 |    497 |    225 |   3783 |   4 | 1470.8 |
           Zot |   3055 |   2823 |    232 |    180 |   1666 |   5 |  611.0 |
         Sewer |    218 |    218 |      0 |     22 |     53 |   1 |  218.0 |
      Ice Cave |    522 |    522 |      0 |      2 |    451 |   1 |  522.0 |
        Wizlab |    891 |    891 |      0 |    184 |    361 |   1 |  891.0 |
      Gauntlet |    793 |    793 |      0 |     13 |    598 |   1 |  793.0 |
               +--------+--------+--------+--------+--------+-----+--------+

Top non-repeatable levels by time:
   Elf:3: 4143 daAuts
   Elf:2: 2865 daAuts
Vaults:2: 2428 daAuts
    D:11: 2349 daAuts
Spider:3: 2337 daAuts
    D:10: 2264 daAuts
Vaults:4: 2223 daAuts
Vaults:3: 2184 daAuts
  Lair:5: 2120 daAuts
  Lair:3: 2092 daAuts
Spider:4: 2043 daAuts
     D:9: 1970 daAuts
Spider:2: 1882 daAuts
     D:7: 1870 daAuts
   Orc:2: 1829 daAuts
